Construct Section Command Post
Construct Platoon Command Post
Construct Field Infirmary
Selects Indian Artillery Battlegroup
Selects Gurkha Rifles Section
Selects Artillery Saturation
Unlock M3 Stuart Light Tanks
Selects Volunteer Infantry
Selects Artillery Saturation
6-pounder Anti-tank Gun Team
Construct Company Command Post
Selects Off-map Airburst Barrage
6-pounder Anti-tank Gun Team
Selects Perimeter Monitor
Selects Perimeter Monitor